 Dungeon Crawl Stone Soup version 0.30-a0-924-g0ad0bf95bc (webtiles) character file.

Game seed: 6662006961161475378

103 jlumianski the Trooper (level 4, -5/30 (37) HPs)
             Began as a Demonspawn Fighter on Mar 22, 2023.
             Slain by a wight
             ... wielding a +4 mace
              (6 damage)
             ... on level 3 of the Dungeon.
             The game lasted 00:06:51 (1675 turns).

jlumianski the Trooper (Demonspawn Fighter)         Turns: 1675, Time: 00:06:51

HP:   -5/30 (37)    AC: 12    Str: 17 (19) XL:     4   Next: 51%
MP:   0/4           EV:  4    Int:  6 (9)  God:
Gold: 142           SH:  4    Dex:  9 (12) Spells: 3/3 levels left

rFire   . . .      SeeInvis .    a - +0 war axe
rCold   + . .      Faith    .    c - +0 buckler
rNeg    . . .      Spirit   +    n - +0 plate armour
rPois   .          Reflect  .    (no helmet)
rElec   .          Rampage  .    (no cloak)
rCorr   .                        o - +0 pair of gloves
Will    .....                    (no boots) Stlth
                                 k - amulet of guardian spirit
HPRegen 0.25/turn                h - ring of protection from cold
MPRegen 0.09/turn                w - ring of wizardry

@: mighty, heavily drained
A: foul stench 1, powered by pain 1, weakness stinger 1
a: no special abilities


You were on level 3 of the Dungeon.
You visited 1 branch of the dungeon, and saw 4 of its levels.

You collected 142 gold pieces.

Inventory:

Hand Weapons
 a - a +0 war axe (weapon)
Missiles
 e - 6 datura-tipped darts
 i - 36 stones
 r - 5 poisoned darts (quivered)
Armour
 b - a +0 scale mail
 c - a +0 buckler (worn)
 n - a +0 plate armour (worn)
 o - a +0 pair of gloves (worn)
Jewellery
 h - a ring of protection from cold (left hand)
 k - an amulet of guardian spirit (around neck)
 w - a ring of wizardry (right hand)
Scrolls
 g - a scroll of teleportation {unknown}
 l - a scroll of poison {unknown}
 m - a scroll of enchant armour {unknown}
 p - a scroll of enchant weapon {unknown}
 x - a scroll of identify {unknown}
Potions
 d - 2 potions of might
 j - a potion of ambrosia {unknown}
 q - a potion of brilliance {unknown}
 s - a potion of mutation {unknown}
 t - a potion of magic {unknown}
 u - a potion of curing {unknown}
 v - a potion of lignification {unknown}


   Skills:
 * Level 4.0 Fighting
 + Level 2.8 Axes
 + Level 3.1 Armour
 + Level 3.0 Shields


You had 3 spell levels left.
You didn't know any spells.
Your spell library contained the following spells:

 Spells                   Type           Power      Damage    Failure   Level
 Beastly Appendage        Tmut           0%         N/A       100%        1
 Wereblood                Tmut           0%         N/A       100%        2
 Spider Form              Tmut/Pois      0%         N/A       100%        3


Dungeon Overview and Level Annotations

Branches:
Dungeon (4/15)
 Temple: D:4-7

Altars:

Annotations:
D:3 Jessica
D:4 Robin


Innate Abilities, Weirdness & Mutations

You may rarely emit foul miasma when damaged in melee.
You sometimes gain a little power by taking damage.
You have a small tail.


Message History

Robin shouts!
You hear a shout!
The giant cockroach bites you but does no damage.
You block the goblin's attack. The wight hits you with a +4 mace.
You feel drained. The hobgoblin closely misses you.
The goblin hits you but does no damage.
The giant cockroach bites you but does no damage.
The hobgoblin hits you but does no damage.
The goblin hits you but does no damage. x2; The wight barely misses you.
There is a stone staircase leading up here.
The giant cockroach bites you but does no damage.
The wight hits you with a +4 mace!
You focus on the pain.
You feel very mighty all of a sudden.
You feel drained. You block the goblin's attack.
The hobgoblin hits you but does no damage.
The goblin hits you with a +0 dagger.
You climb upwards.
Level annotation: Jessica
There is a stone staircase leading down here.
The goblin hits you but does no damage. The wight hits you with a +4 mace.
You feel drained.
The giant cockroach bites you but does no damage.
Unknown command.
Unknown command.
As you open the door, it creaks loudly!
The giant cockroach bites you but does no damage.
The wight hits you with a +4 mace.
You feel drained. The goblin hits you but does no damage.
The goblin attacks as you move away! The goblin hits you but does no damage.
The wight hits you with a +4 mace!
* * * LOW HITPOINT WARNING * * *
You feel drained.
* * * LOW HITPOINT WARNING * * *
The hobgoblin hits you but does no damage.
There is an open door here.
It was a potion of degeneration.
There was something very wrong with that liquid.
You feel weakened.
You feel dopey.
You feel clumsy.
The giant cockroach bites you but does no damage.
The wight hits you with a +4 mace.
You die...

######..#
#..#
#.#######.#
##.###..#
#.....)...#
#......#
###########
####...#
#...#
##..#####
#......#
#.#.##.#
##.#†.#@##
#.....gzB#
#......gg#
#......<.#
#........#
#........#
#........#
#........#
##########


You could see a wight, a giant cockroach, a hobgoblin and 2 goblins.

Vanquished Creatures
  An orc wizard (D:2)
  3 adders
  A worm (D:2)
  A dart slug (D:2)
  5 orcs
  An endoplasm (D:2)
  2 giant cockroaches
  2 goblins
  6 hobgoblins
  3 kobolds
  3 quokkas
  3 ball pythons
  5 bats
  3 frilled lizards (D:1)
  A rat (D:2)
40 creatures vanquished.

Notes
Turn   | Place    | Note
-------+----------+-------------------------------------------
     0 | D:1      | jlumianski the Demonspawn Fighter began the quest for the
                  | Orb.
     0 | D:1      | Reached XP level 1. HP: 18/18 MP: 1/1
   195 | D:1      | Gained mutation: You sometimes gain a little power by
                  | taking damage. [demonic ancestry]
   195 | D:1      | Reached XP level 2. HP: 23/24 MP: 2/2
   458 | D:2      | Gained mutation: You may rarely emit foul miasma when
                  | damaged in melee. [demonic ancestry]
   458 | D:2      | Reached XP level 3. HP: 13/29 MP: 3/3
  1200 | D:3      | Noticed Jessica
  1380 | D:2      | Gained mutation: You have a small tail. [demonic ancestry]
  1380 | D:2      | Reached XP level 4. HP: 34/37 MP: 2/4
  1450 | D:3      | Reached skill level 4 in Fighting
  1669 | D:4      | Noticed Robin
  1674 | D:3      | HP: 1/30 [wight/+4 mace (1)]
  1675 | D:3      | Slain by a wight

Illustrated notes

Levels and vault maps discovered:
D:1:      lightli_arrival_boilingwater, layout_basic, minmay_misc_feat_tower
D:2:      layout_basic
D:3:      layout_basic, minmay_fractal_squares_5, uniq_jessica
D:4:      layout_cave_pods, serial_shops, kennysheep_mini, minmay_manual_moon,
          uniq_robin

Skill      XL: |  1  2  3  4 |
---------------+-------------+-----
Axes           | 2 |  2.8
Shields        | 3 |  3.0
Armour         | 3 |  3.1
Fighting       | 4 |  4.0

Action                     |  1- 3 |  4- 6 || total
---------------------------+-------+-------++-------
  Melee: War axe           |    98 |    47 ||   145
         Tailslap          |       |     5 ||     5
    Use: Potion            |       |     1 ||     1
 Armour: Scale mail        |    29 |       ||    29
         Plate armour      |    24 |    53 ||    77
  Dodge: Dodged            |    34 |    15 ||    49
  Block: Buckler           |    26 |    19 ||    45

Table legend: (Time is in decaauts)
 A = Elapsed time spent in this place.
 B = Non-inter-level travel time spent in this place.
 C = Inter-level travel time spent in this place.
 D = Time resting spent in this place.
 E = Time spent auto-exploring this place.
 F = Levels seen in this place.
 G = Mean time per level.
                   A        B        C        D        E       F      G
               +--------+--------+--------+--------+--------+-----+--------+
         Total |   1746 |   1685 |     61 |      2 |    882 |   4 |  436.5 |
       Dungeon |   1746 |   1685 |     61 |      2 |    882 |   4 |  436.5 |
               +--------+--------+--------+--------+--------+-----+--------+

Top non-repeatable levels by time:
     D:2: 791 daAuts
     D:1: 597 daAuts
     D:3: 344 daAuts
     D:4: 13 daAuts
